 Dungeon Crawl Stone Soup version 0.20.1-1-g8b1a95d (webtiles) character file.

538 recordrepeat the Chopper (level 7, -2/60 HPs)
             Began as a Hill Orc Fighter on Dec 18, 2017.
             Slain by an ogre
             ... wielding a +0 giant spiked club
              (25 damage)
             ... on level 6 of the Dungeon.
             The game lasted 00:08:35 (3190 turns).

recordrepeat the Chopper (Hill Orc Fighter)         Turns: 3190, Time: 00:08:37

Health: -2/60      AC: 13    Str: 21    XL:     7   Next: 26%
Magic:  7/7        EV:  8    Int:  8    God:
Gold:   236        SH: 10    Dex: 10    Spells: 6/6 levels left

rFire    . . .     SeeInvis .   a - +0 war axe
rCold    . . .     Gourm    .   c - +0 shield
rNeg     . . .     Faith    .   b - +0 scale mail
rPois    .         Spirit   .   (no helmet)
rElec    .         Reflect  .   (no cloak)
rCorr    .         Harm     .   p - +0 pair of gloves
MR       .....                  r - +0 pair of boots
Stlth    ..........             (no amulet)
Regen    0.2/turn               n - +4 ring of protection
MPRegen  0.1/turn               (no ring)

@: no status effects
A: no striking features
a: no special abilities


You were on level 6 of the Dungeon.
You were not hungry.

You visited 1 branch of the dungeon, and saw 6 of its levels.

You collected 236 gold pieces.

Inventory:

Hand Weapons
 a - a +0 war axe (weapon)
Armour
 b - a +0 scale mail (worn)
 c - a +0 shield (worn)
 p - a +0 pair of gloves (worn)
 r - a +0 pair of boots (worn)
Jewellery
 n - a +4 ring of protection (left hand)
Scrolls
 d - a scroll of recharging
 e - a scroll of fear
 g - 5 scrolls of identify {unknown}
 j - a scroll of teleportation
 m - a scroll of enchant armour {unknown}
Potions
 h - 4 potions of heal wounds
 k - a potion of resistance
 o - 2 potions of curing
 q - a potion of magic {unknown}
 s - a potion of mutation {unknown}
Comestibles
 f - 4 bread rations
 i - 5 chunks of flesh
 l - 2 meat rations


   Skills:
 + Level 4.8 Fighting
 + Level 6.2 Axes
 + Level 5.0 Armour
 + Level 1.5 Dodging
 + Level 0.1 Stealth
 + Level 5.0 Shields


You had 6 spell levels left.
You didn't know any spells.

Dungeon Overview and Level Annotations

Branches:
Dungeon (6/15)
 Temple: D:4-7

Altars:
Hepliaklqana
Trog
Uskayaw


Message History

An ogre and a zombie come into view.
Found a stone staircase leading down.
There is a stone staircase leading up here.
You closely miss the ogre. The ogre barely misses you.
You hit the ogre.
The ogre is lightly wounded.
The bullfrog zombie hits you.
The ogre hits you with a giant spiked club!
You completely miss the ogre.
The ogre is lightly wounded.
Your shield and scale mail prevent you from hitting the bullfrog zombie.
The bullfrog zombie hits you.
The ogre hits you with a giant spiked club!!
You barely miss the ogre.
The ogre is lightly wounded.
You completely miss the bullfrog zombie.
The bullfrog zombie hits you but does no damage.
You block the bullfrog zombie's attack.
The ogre hits you with a giant spiked club!!
You die...

......#.#
........#
.....#.#
......#
#....#
####....#
.......O# #
#.@# #.#.Z##
#.....#
....##..<#
...
#........#
..
....#.####.#
.......#>#
.....##.#
...## #.#


You could see an ogre and a bullfrog zombie.

Vanquished Creatures
  The ghost of SpyPoet the Slasher, an amateur MiBe of Trog (D:3)
  A water moccasin zombie (D:5)
  A scorpion (D:5)
  A howler monkey (D:3)
  4 orc wizards (D:5)
  2 worker ants (D:5)
  3 adders
  2 dart slugs (D:1)
  2 leopard geckos
  10 orcs
  2 giant cockroaches
  10 goblins
  4 hobgoblins
  4 jackals (D:3)
  7 kobolds
  8 bats
  9 rats
71 creatures vanquished.

Notes
Turn   | Place    | Note
-------+----------+-------------------------------------------
     0 | D:1      | recordrepeat the Hill Orc Fighter began the quest for the Orb.
     0 | D:1      | Reached XP level 1. HP: 19/19 MP: 1/1
   153 | D:1      | Reached XP level 2. HP: 26/27 MP: 2/2
   184 | D:1      | Reached skill level 3 in Axes
   393 | D:1      | Reached XP level 3. HP: 28/33 MP: 3/3
  1240 | D:2      | Found a bloodstained altar of Trog.
  1295 | D:2      | Found a hide-covered altar of Uskayaw.
  1296 | D:2      | Found a hazy altar of Hepliaklqana.
  1924 | D:3      | Noticed SpyPoet's ghost (amateur MiBe)
  1942 | D:3      | Killed SpyPoet's ghost
  1942 | D:3      | Reached skill level 4 in Axes
  1942 | D:3      | Reached skill level 1 in Dodging
  1942 | D:3      | Reached XP level 4. HP: 10/41 MP: 4/4
  1942 | D:3      | Reached XP level 5. HP: 12/47 MP: 5/5
  2292 | D:3      | Reached XP level 6. HP: 43/53 MP: 6/6
  2445 | D:3      | You fall through a shaft for 2 floors!
  2445 | D:5      | Entered Level 5 of the Dungeon
  2512 | D:5      | Reached skill level 5 in Axes
  2873 | D:5      | Reached XP level 7. HP: 54/60 MP: 7/7
  2908 | D:5      | Reached skill level 6 in Axes
  3044 | D:5      | Reached skill level 5 in Armour
  3064 | D:5      | Reached skill level 5 in Shields
  3190 | D:6      | Slain by an ogre

Skill      XL: |  1  2  3  4  5  6  7 |
---------------+----------------------+-----
Axes           | 3 4 5 6 |  6.2
Fighting       | 4 |  4.8
Armour         | 4 5 |  5.0
Dodging        | 1 |  1.5
Shields        | 4 5 |  5.0
Stealth        | |  0.1

Action                   |  1- 3 |  4- 6 |  7- 9 || total
-------------------------+-------+-------+-------++-------
Melee: War axe           |   176 |    83 |    34 ||   293
  Use: Potion            |     6 |       |       ||     6
       Scroll            |     4 |       |       ||     4
  Eat: Chunk             |     4 |     3 |     1 ||     8
Armor: Scale mail        |    88 |    34 |    24 ||   146
Dodge: Dodged            |    72 |    31 |     4 ||   107
Block: Shield            |   105 |    44 |     9 ||   158
